 Seeded DCSS version 0.29-a0-1043-g569b05d6ff (webtiles) character file.

Game seed: 20220815 (custom seed)

397 purpskrrrp the Cudgeller (level 6, -14/51 HPs)
             Began as a Demigod Fighter on Aug 15, 2022.
             Killed by divine providence
             ... invoked by an orc priest
              (17 damage)
             ... on level 4 of the Dungeon.
             The game lasted 00:08:28 (4392 turns).

purpskrrrp the Cudgeller (Demigod Fighter)          Turns: 4392, Time: 00:08:29

Health: -14/51     AC:  8    Str: 25    XL:     6   Next: 27%
Magic:  8/8        EV: 10    Int: 10    God:
Gold:   261        SH:  5    Dex: 13    Spells: 5/5 levels left

rFire   . . .      SeeInvis .   a - +0 flail
rCold   . . .      Faith    .   c - +0 buckler
rNeg    . . .      Spirit   .   b - +0 scale mail
rPois   .          Reflect  .   (no helmet)
rElec   .          Harm     .   o - scarf {repulsion}
rCorr   .          Rampage  .   e - +0 pair of gloves
Will    .....                   (no boots)
Stlth   +.........              (no amulet)
HPRegen 0.17/turn               (no ring)
MPRegen 0.11/turn               (no ring)

@: repel missiles
A: high MP 1, forlorn, divine attributes
a: no special abilities


You were on level 4 of the Dungeon.
You visited 1 branch of the dungeon, and saw 4 of its levels.

You collected 261 gold pieces.

Inventory:

Hand Weapons
 a - a +0 flail (weapon)
 d - a +0 vampiric whip
Armour
 b - a +0 scale mail (worn)
 c - a +0 buckler (worn)
 e - a +0 pair of gloves (worn)
 o - a scarf of repulsion (worn)
Jewellery
 l - a +6 ring of intelligence
Scrolls
 h - a scroll of noise
 j - a scroll of poison {unknown}
 k - 4 scrolls of teleportation
 m - a scroll of fear
 q - a scroll of immolation
 r - a scroll of enchant armour {unknown}
Potions
 f - 2 potions of brilliance
 i - a potion of heal wounds {unknown}
 n - a potion of cancellation {unknown}
 p - a potion of resistance {unknown}
 s - a potion of attraction {unknown}
 t - a potion of lignification {unknown}


   Skills:
 + Level 3.5 Fighting
 * Level 3.6 Maces & Flails
 + Level 3.4 Armour
 + Level 1.5 Dodging
 + Level 2.0 Stealth
 + Level 3.4 Shields
 + Level 1.6 Unarmed Combat


You had 5 spell levels left.
You didn't know any spells.
Your spell library contained the following spells:

 Spells                   Type           Power      Damage    Failure   Level
 Gell's Gravitas          Tloc           0%         N/A       98%         3
 Lesser Beckoning         Tloc           0%         N/A       98%         3
 Teleport Other           Tloc           0%         N/A       98%         3


Dungeon Overview and Level Annotations

Branches:
Dungeon (4/15)             Temple (0/1) D:4


Innate Abilities, Weirdness & Mutations

You have an increased reservoir of magic. (+10% MP)
You shall have no god before yourself.
Your divine heritage dramatically boosts your attributes as you level up.


Message History

The iguana is lightly wounded.
The iguana bites you.
The endoplasm hits you but does no damage.
You hit the iguana but do no damage.
The iguana is lightly wounded.
The iguana bites you. The endoplasm closely misses you.
The hobgoblin barely misses you.
The orc priest invokes the aid of Beogh against you.
Beogh smites you!
You are too injured to fight recklessly!
You are too injured to fight recklessly!
You barely miss the iguana. The iguana closely misses you.
The endoplasm hits you but does no damage.
The hobgoblin hits you but does no damage.
You barely miss the iguana. The iguana bites you.
* * * LOW HITPOINT WARNING * * *
The endoplasm closely misses you. The hobgoblin closely misses you.
The hobgoblin misses you. The iguana bites you!
* * * LOW HITPOINT WARNING * * *
You block the endoplasm's attack.
You feel better. The endoplasm barely misses you. The iguana barely misses you.
The hobgoblin barely misses you.
You hit the iguana but do no damage. The iguana closely misses you.
The endoplasm barely misses you. The hobgoblin closely misses you.
You hit the iguana.
The iguana is lightly wounded.
You block the iguana's attack. The endoplasm freezes you.
You are frozen.
* * * LOW HITPOINT WARNING * * *
You block the hobgoblin's attack.
You sock the hobgoblin!
You kill the hobgoblin!
You block the iguana's attack. The endoplasm closely misses you.
The endoplasm freezes you.
You are frozen.
* * * LOW HITPOINT WARNING * * *
The orc priest mumbles some strange prayers to Beogh against you.
Beogh smites you!
You die...

# ##.♣.## #.
###.....###
###.####....>....###
....J#.............#
#....♣...###...♣...#
. #?..### ###...###
##'## #'## #.###J#
.# #...†@# .#
#...#l# . ..(....o.
. ###......#
##.....# ##.>..#
#.#### #.


You could see an iguana, an orc priest and an endoplasm.

Vanquished Creatures
  An orc warrior (D:4)
  An ogre (D:4)
  An orc priest (D:4)
  2 iguanas (D:4)
  6 adders
  2 worms
  4 dart slugs
  4 orcs
  7 bats
  4 endoplasms
  2 giant cockroaches (D:2)
  6 goblins
  12 hobgoblins
  3 quokkas
  4 ball pythons
  A frilled lizard (D:3)
  11 kobolds
  A rat (D:1)
72 creatures vanquished.

Notes
Turn   | Place    | Note
-------+----------+-------------------------------------------
     0 | D:1      | purpskrrrp the Demigod Fighter began the quest for the Orb.
     0 | D:1      | Reached XP level 1. HP: 18/18 MP: 3/3
   422 | D:1      | Reached XP level 2. HP: 25/25 MP: 4/4
  1216 | D:2      | Reached XP level 3. HP: 27/30 MP: 5/5
  2819 | D:3      | Reached XP level 4. HP: 34/38 MP: 6/6
  2894 | D:3      | Identified the +1 ring mail "Taihauke" {Rampage Str-5
                  | Int+7}
  2946 | D:3      | Reached skill level 1 in Stealth
  3615 | D:4      | Noticed an orc warrior
  3615 | D:4      | Noticed an ogre
  3621 | D:4      | Killed an orc warrior
  3622 | D:4      | Reached skill level 1 in Dodging
  3622 | D:4      | Reached skill level 1 in Unarmed Combat
  3622 | D:4      | Reached XP level 5. HP: 34/45 MP: 7/7
  3631 | D:4      | Killed an ogre
  3632 | D:4      | Reached XP level 6. HP: 11/51 MP: 8/8
  4378 | D:4      | Found a staircase to the Ecumenical Temple.
  4392 | D:4      | Killed from afar by an orc priest

Illustrated notes

Levels and vault maps discovered:
D:1:      dpeg_arrival_erosion, layout_loops_corners
D:2:      layout_loops_corners, ebering_ecumenical_altar_petrified,
          minmay_surrounded
D:3:      layout_basic, lemuel_tele_altar,
          chequers_temple_overflow_statue_of_worship
D:4:      layout_loops_corners, fedhas_altar_4,
          minmay_temple_entry_proselytizer, grunt_ministairs_13, uniq_robin,
          uniq_edmund

Skill      XL: |  1  2  3  4  5  6 |
---------------+-------------------+-----
Maces & Flails | 2 3 |  3.6
Armour         | 3 |  3.4
Fighting       | 3 |  3.5
Shields        | 3 |  3.4
Stealth        | 1 2 |  2.0
Dodging        | 1 |  1.5
Unarmed Combat | 1 |  1.6

Action                   |  1- 3 |  4- 6 || total
-------------------------+-------+-------++-------
Melee: Flail             |   151 |    83 ||   234
       Whip              |       |    39 ||    39
  Use: Scroll            |     3 |     3 ||     6
       Potion            |       |     4 ||     4
Armor: Scale mail        |   104 |    53 ||   157
Dodge: Dodged            |    90 |    73 ||   163
       Repelled          |       |     2 ||     2
Block: Buckler           |    39 |    33 ||    72

Table legend: (Time is in decaauts)
 A = Elapsed time spent in this place.
 B = Non-inter-level travel time spent in this place.
 C = Inter-level travel time spent in this place.
 D = Time resting spent in this place.
 E = Time spent auto-exploring this place.
 F = Levels seen in this place.
 G = Mean time per level.
                   A        B        C        D        E       F      G
               +--------+--------+--------+--------+--------+-----+--------+
         Total |   4464 |   4376 |     88 |    397 |   3334 |   4 | 1116.0 |
       Dungeon |   4464 |   4376 |     88 |    397 |   3334 |   4 | 1116.0 |
               +--------+--------+--------+--------+--------+-----+--------+

Top non-repeatable levels by time:
     D:2: 1269 daAuts
     D:1: 1177 daAuts
     D:3: 1039 daAuts
     D:4: 977 daAuts
